 Dungeon Crawl Stone Soup version 0.29.1-15-g9cfb28693d (webtiles) character file.

Game seed: 4318135429636272150

4 Sanktem7 the Trooper (level 1, -7/20 HPs)
             Began as a Minotaur Fighter on Feb 25, 2023.
             Mangled by a gnoll
             ... wielding a +0 flail
              (8 damage)
             ... on level 1 of the Dungeon.
             The game lasted 00:00:23 (147 turns).

Sanktem7 the Trooper (Minotaur Fighter)              Turns: 147, Time: 00:00:24

Health: -7/20      AC:  7    Str: 20    XL:     1   Next: 58%
Magic:  0/0        EV:  9    Int:  5    God:
Gold:   10         SH:  4    Dex:  9    Spells: 0/0 levels left

rFire   . . .      SeeInvis .   a - +0 war axe {axe}
rCold   . . .      Faith    .   c - +0 buckler
rNeg    . . .      Spirit   .   b - +0 scale mail
rPois   .          Reflect  .   (helmet restricted)
rElec   .          Harm     .   (no cloak)
rCorr   .          Rampage  .   (no gloves)
Will    .....                   (no boots)
Stlth   ..........              (no amulet)
HPRegen 0.06/turn               (no ring)
MPRegen 0.07/turn               (no ring)

@: no status effects
A: horns 2, retaliatory headbutt
a: no special abilities


You were on level 1 of the Dungeon.
You visited 1 branch of the dungeon, and saw 1 of its levels.

You collected 10 gold pieces.


Innate Abilities, Weirdness & Mutations

You have a pair of horns on your head.
You reflexively headbutt those who attack you in melee.


   Skills:
 * Level 3.8 Fighting
 * Level 2.6 Axes
 + Level 3.7 Armour
 - Level 3.6 Shields


You couldn't memorise any spells.
You didn't know any spells.
Your spell library was empty.

Inventory:

Hand Weapons
 a - a +0 war axe (weapon) {axe}
Missiles
 g - 4 stones (quivered) {throwing}
Armour
 b - a +0 scale mail (worn)
 c - a +0 buckler (worn)
Scrolls
 e - a scroll of noise {unknown}
Potions
 d - a potion of might
 f - a potion of heal wounds {unknown}
 h - a potion of brilliance {unknown}

Dungeon Overview and Level Annotations

Branches:
Dungeon (1/15) Zot: 5845

Altars:

#.####.###..##.#
#......##..## .# ###
#########.## ......
..........# ##..#
######...# ....
.#######..#####.# ##
.........#......#..###
.........#.....?......
.........#....@g......
.........#............
.....>...#............
.........#............
.........#............
######################


You could see a gnoll.


Message History

No target in view!
No target in view!
No target in view!
No target in view!
No target in view!
You now have 10 gold pieces.
A kobold comes into view.
It is wielding a +0 short sword. 😎 HP[+3]
Your hp is fully restored (20).
A kobold is nearby!
A kobold is nearby!
The kobold hits you but does no damage.
You slash the kobold!
You kill the kobold!
No target in view!
No target in view!
No target in view!
No target in view!
No target in view!
No target in view!
No target in view!
No target in view!
No target in view!
No target in view!
No target in view!
No target in view!
No target in view!
No target in view!
No target in view!
f - a fizzy clear potion A kobold comes into view.
It is wielding a +0 club.
The kobold shouts!
The kobold throws a stone.
The stone hits you. 😕 HP[-1]
You take 1 damage, and now have 19/20 hp.
A kobold is nearby!
The kobold hits you with a +0 club. 😕 HP[-1]
You take 1 damage, and now have 18/20 hp.
You hit the kobold.
You kill the kobold!
No target in view!
No target in view!
No target in view!
No target in view!
No target in view!
No target in view!
No target in view!
No target in view!
No target in view!
No target in view!
No target in view!
No target in view!
No target in view!
No target in view!
g - 4 stones {throwing}
Things that are here:
a +0 club {mace}; a kobold corpse
h - a fuming clear potion 😎 HP[+2]
Your hp is fully restored (20).
Found a stone staircase leading down.
A gnoll comes into view. It is wielding a +0 flail.
The gnoll shouts!
A bat comes into view.
There are monsters nearby!
You closely miss the bat. Your headbutt misses the bat.
The bat hits you but does no damage.
You miss the bat. The bat hits you but does no damage.
You barely miss the gnoll. Your headbutt misses the gnoll. You miss the bat.
The bat hits you but does no damage. The bat barely misses you.
The bat hits you but does no damage.
The gnoll hits you with a +0 flail! 😮 HP[-8]
You take 8 damage, and now have 12/20 hp.
MASSIVE DAMAGE!! (PAUSE)
You closely miss the gnoll. You slash the bat!
You kill the bat!
The gnoll barely misses you. You block the gnoll's attack.
You barely miss the gnoll. The gnoll hits you with a +0 flail.
* * * LOW HITPOINT WARNING * * *
😨 HP[-6]
You take 6 damage, and now have 6/20 hp.
MASSIVE DAMAGE!! (PAUSE)
You barely miss the gnoll.
You headbutt the gnoll, but do no damage.
The gnoll hits you but does no damage. The gnoll closely misses you.
You closely miss the gnoll. The gnoll barely misses you.
You hit the gnoll. Your headbutt misses the gnoll.
The gnoll hits you with a +0 flail.
* * * LOW HITPOINT WARNING * * *
The gnoll barely misses you. 😱 HP[-3]
You take 3 damage, and now have 3/20 hp.
You barely miss the gnoll. You headbutt the gnoll.
The gnoll hits you with a +0 flail.
* * * LOW HITPOINT WARNING * * *
😱 HP[-2]
You take 2 damage, and now have 1/20 hp.
You closely miss the gnoll. The gnoll hits you with a +0 flail!
You die...

Action                   || total
-------------------------++-------
Melee: War axe           ||    16
       Headbutt          ||     2
Armor: Scale mail        ||     9
Dodge: Dodged            ||     6
Block: Buckler           ||     1

Levels and vault maps discovered:
D:1:      zelgadis_glass_arrival_small, layout_rooms,
          chequers_ecumenical_altar_simple

Notes
Turn   | Place    | Note
-------+----------+-------------------------------------------
     0 | D:1      | Sanktem7 the Minotaur Fighter began the quest for the Orb.
     0 | D:1      | Reached XP level 1. HP: 19/19 MP: 0/0
     0 | D:1      | magus.rc [v1.9.6]
   145 | D:1      | HP: 3/20 [gnoll/+0 flail (4)]
   146 | D:1      | HP: 1/20 [gnoll/+0 flail (2)]
   147 | D:1      | Mangled by a gnoll

Vanquished Creatures
  A hobgoblin (D:1)
  2 kobolds (D:1)
  A bat (D:1)
4 creatures vanquished.

Table legend:
 A = Non-vault XP
 B = Vault XP
 C = Vault XP percentage of total XP
 D = Non-vault monster count
 E = Vault monster count
 F = Vault count percentage of total count
                 A         B        C        D         E       F
            +---------+---------+-------+---------+---------+-------
      Total |       7 |       0 |   0.0 |       4 |       0 |   0.0
            +---------+---------+-------+---------+---------+-------
        D:1 |       7 |       0 |   0.0 |       4 |       0 |   0.0
            +---------+---------+-------+---------+---------+-------

Illustrated notes

Table legend:
 A = Kills in this place as a percentage of kills in entire the game.
 B = Kills by you in this place as a percentage of kills by you in the entire game.
 C = Kills by friends in this place as a percentage of kills by friends in the entire game.
 D = Other kills in this place as a percentage of other kills in the entire game.
 E = Experience gained in this place as a percentage of experience gained in the entire game.
 F = Experience gained in this place divided by the number of levels of this place that you have seen.
                   A       B       C       D       E      F
               +-------+-------+-------+-------+-------+----------------------
         Total | 100.0 | 100.0 |   N/A |   N/A | 100.0 |   7.0
       Dungeon | 100.0 | 100.0 |   N/A |   N/A | 100.0 |   7.0
               +-------+-------+-------+-------+-------+----------------------

Table legend: (Time is in decaauts)
 A = Elapsed time spent in this place.
 B = Non-inter-level travel time spent in this place.
 C = Inter-level travel time spent in this place.
 D = Time resting spent in this place.
 E = Time spent auto-exploring this place.
 F = Levels seen in this place.
 G = Mean time per level.
                   A        B        C        D        E       F      G
               +--------+--------+--------+--------+--------+-----+--------+
         Total |    153 |    153 |      0 |      0 |    115 |   1 |  153.0 |
       Dungeon |    153 |    153 |      0 |      0 |    115 |   1 |  153.0 |
               +--------+--------+--------+--------+--------+-----+--------+

Top non-repeatable levels by time:
     D:1: 153 daAuts
